 Dungeon Crawl Stone Soup version 0.28.0-47-ge53b351184 (webtiles) character file.

Game seed: 10792656668674318899

56 Allula97 the Twirler (level 3, -2/28 HPs)
             Began as a Demonspawn Gladiator on Apr 28, 2022.
             Was a Believer of Uskayaw.
             Slain by Sigmund
             ... wielding a +0 scythe
              (11 damage)
             ... on level 2 of the Dungeon.
             The game lasted 00:04:18 (1310 turns).

Allula97 the Twirler (Demonspawn Gladiator)         Turns: 1310, Time: 00:04:18

Health: -2/28      AC:  6    Str: 14    XL:     3   Next: 71%
Magic:  3/3        EV: 11    Int: 15    God:    Uskayaw [**....]
Gold:   13         SH:  0    Dex: 16    Spells: 2/2 levels left

rFire   . . .      SeeInvis .   a - +0 quarterstaff
rCold   . . .      Faith    .   (shield currently unavailable)
rNeg    . . .      Spirit   .   i - +0 ring mail
rPois   .          Reflect  .   c - +0 helmet
rElec   .          Harm     .   (no cloak)
rCorr   .          Rampage  .   (no gloves)
Will    .....                   (no boots)
Stlth   +.........              (no amulet)
HPRegen 0.09/turn               b - +6 ring of intelligence
MPRegen 0.08/turn               (no ring)

@: no status effects
A: spiny 1
a: Renounce Religion, Stomp, Line Pass


You were on level 2 of the Dungeon.
You worshipped Uskayaw.
Uskayaw was noncommittal.
You visited 1 branch of the dungeon, and saw 2 of its levels.

You collected 13 gold pieces.

Inventory:

Hand Weapons
 a - a +0 quarterstaff (weapon)
Missiles
 d - 3 throwing nets (quivered)
 h - 6 poisoned darts
Armour
 c - a +0 helmet (worn)
 i - a +0 ring mail (worn)
Jewellery
 b - a +6 ring of intelligence (left hand)
Scrolls
 e - 3 scrolls of identify {unknown}
Potions
 f - a potion of degeneration {unknown}
 g - a potion of brilliance {unknown}


   Skills:
 * Level 2.4 Fighting
 * Level 0.9(2.3) Polearms
 * Level 3.3(3.4) Staves
 + Level 1.7 Throwing
 * Level 0.6 Armour
 * Level 2.9 Dodging
 + Level 0.1 Stealth
 * Level 0.6 Invocations


You had 2 spell levels left.
You didn't know any spells.
Your spell library contained the following spells:

 Spells                   Type           Power      Damage    Failure   Level
 Sting                    Tmut/Pois      0%         1d3       50%         1
 Poisonous Vapours        Pois/Air       0%         N/A       63%         2
 Olgreb's Toxic Radiance  Pois           0%         N/A       99%         4


Dungeon Overview and Level Annotations

Branches:
Dungeon (2/15)

Altars:
Uskayaw

Annotations:
D:2 Sigmund


Innate Abilities, Weirdness & Mutations

You are partially covered in sharp spines.


Message History

Things that are here:
a +0 dagger; a +0 dagger Magic restored.
Items here: ))) [[ ††.
A kobold comes into view. It is wielding a +0 dagger.
The kobold shouts!
The kobold barely misses you.
You hit the kobold.
The kobold is severely wounded.
The kobold is struck by your spines.
You kill the kobold!
Things that are here:
a +0 dagger; a stone
Found a stone staircase leading down.
h - 6 poisoned darts (gained 4)
There is a stone staircase leading down here.
An adder and a rat come into view.
The adder hisses angrily.
The rat is struck by your spines.
You kill the rat!
Sigmund the Dreaded comes into view.
He is wielding a +0 scythe.
Sigmund shouts!
You hear an angry hiss.
The adder closely misses you.
You hit the adder.
The adder is heavily wounded.
The adder misses you.
Sigmund casts a spell.
Sigmund flickers and vanishes!
Deactivating autopickup; reactivate with Ctrl-A.
The adder is struck by your spines. The adder bites you but does no damage.
You can now pass through a line of other dancers.
You sock the adder!
You kill the adder!
A magic dart appears from out of thin air!
The magic dart hits you. Something hits you!
You thump something! Something hits you!
You barely miss something. You barely miss something. Something hits you!
You die...

.....# ..# #
### ##. ## ...
.#### ####.###.
....#
#######........
.##.#
#..........#
###.#
#>#####{#### #
#.# #.# #@# #
#.# #.# #.#
###.## #.# #.#
##...## #.# #.#
#.....##
#.####...
.......#
#......#.#
......##
#.####...#
.#...#####.##
## ##
.##.##......#


There were no monsters in sight!

Vanquished Creatures
  Robin (D:2)
  An adder (D:2)
  A worm (D:2)
  A dart slug (D:2)
  A ball python (D:1)
  5 endoplasms
  2 giant cockroaches (D:1)
  8 goblins
  A hobgoblin (D:1)
  A quokka (D:1)
  A bat (D:2)
  2 frilled lizards
  2 kobolds
  3 rats
30 creatures vanquished.

Notes
Turn   | Place    | Note
-------+----------+-------------------------------------------
     0 | D:1      | Allula97 the Demonspawn Gladiator began the quest for the
                  | Orb.
     0 | D:1      | Reached XP level 1. HP: 16/16 MP: 1/1
   102 | D:1      | Gained mutation: You are partially covered in sharp spines.
                  | [demonic ancestry]
   102 | D:1      | Reached XP level 2. HP: 16/22 MP: 2/2
   191 | D:1      | Reached skill level 3 in Staves
   541 | D:1      | Found a faded altar of an unknown god.
   548 | D:1      | Prayed at the altar of an unknown god.
   548 | D:1      | Became a worshipper of Uskayaw the Reveller
   548 | D:1      | Reached * piety under Uskayaw
  1122 | D:2      | Noticed Robin
  1123 | D:2      | Reached ** piety under Uskayaw
  1126 | D:2      | Reached XP level 3. HP: 23/28 MP: 3/3
  1127 | D:2      | Reached *** piety under Uskayaw
  1132 | D:2      | Killed Robin
  1132 | D:2      | Reached **** piety under Uskayaw
  1301 | D:2      | Noticed Sigmund
  1310 | D:2      | Slain by Sigmund

Illustrated notes

Levels and vault maps discovered:
D:1:      psy_arrival_statuary, layout_basic,
          dreamdust_ecumenical_altar_hidden_monk_grotto
D:2:      layout_loops_ring, kennysheep_pointless_box, uniq_robin, uniq_sigmund

Skill      XL: |  1  2 |
---------------+-------+-----
Staves         | 3 |  3.3
Fighting       | |  2.4
Polearms       | |  0.9
Throwing       | |  1.7
Armour         | |  0.6
Dodging        | |  2.9
Stealth        | |  0.1
Invocations    | |  0.6

Action                   || total
-------------------------++-------
Melee: Quarterstaff      ||    61
Invok: Stomp             ||     1
 Stab: Sleeping          ||     1
       Paralysed         ||     1
Armor: Leather armour    ||    10
       Ring mail         ||     7
Dodge: Dodged            ||    34
